 Dungeon Crawl Stone Soup version 0.28.0-47-ge53b351184 (webtiles) character file.

Game seed: 18221425374837576605

11 Cak3Hol3 the Ducker (level 2, -2/23 HPs)
             Began as a Gnoll Wanderer on May 4, 2022.
             Slain by a crimson imp (3 damage)
             ... summoned by Natasha
             ... on level 2 of the Dungeon.
             The game lasted 00:04:40 (911 turns).

Cak3Hol3 the Ducker (Gnoll Wanderer)                 Turns: 911, Time: 00:04:41

Health: -2/23      AC:  3    Str:  8    XL:     2   Next: 25%
Magic:  5/5        EV: 14    Int: 13    God:
Gold:   28         SH:  0    Dex: 12    Spells: 6/6 levels left

rFire   . . .      SeeInvis .   d - +0 battleaxe
rCold   . . .      Faith    .   (shield currently unavailable)
rNeg    . . .      Spirit   .   b - +0 robe
rPois   .          Reflect  .   (no helmet)
rElec   .          Harm     .   c - +0 cloak
rCorr   .          Rampage  .   (no gloves)
Will    .....                   (no boots)
Stlth   +.........              (no amulet)
HPRegen 0.07/turn               (no ring)
MPRegen 0.09/turn               (no ring)

@: slowed, very slow
A: fangs 1, strong nose, distributed training
a: no special abilities


You were on level 2 of the Dungeon.
You visited 1 branch of the dungeon, and saw 2 of its levels.

You collected 28 gold pieces.

Inventory:

Hand Weapons
 a - a +0 dagger
 d - a +0 battleaxe (weapon)
 e - a +0 short sword
Armour
 b - a +0 robe (worn)
 c - a +0 cloak (worn)
 f - a +0 chain mail
Scrolls
 g - a scroll of identify {unknown}
 h - a scroll of vulnerability {unknown}
Potions
 i - 2 potions of lignification {unknown}


   Skills:
 + Level 2.4 Fighting
 + Level 0.3 Short Blades
 + Level 0.3 Long Blades
 + Level 0.3 Axes
 + Level 0.3 Maces & Flails
 + Level 0.3 Polearms
 + Level 0.3 Staves
 + Level 0.3 Slings
 + Level 0.3 Bows
 + Level 0.3 Crossbows
 + Level 0.3 Throwing
 + Level 0.3 Armour
 + Level 6.4 Dodging
 + Level 0.3 Stealth
 + Level 0.3 Shields
 + Level 0.3 Unarmed Combat
 + Level 2.7 Spellcasting
 + Level 0.2 Conjurations
 + Level 0.2 Hexes
 + Level 0.2 Summonings
 + Level 3.7 Necromancy
 + Level 0.2 Translocations
 + Level 0.2 Transmutations
 + Level 0.2 Fire Magic
 + Level 3.7 Ice Magic
 + Level 0.2 Air Magic
 + Level 0.2 Earth Magic
 + Level 0.2 Poison Magic
 + Level 2.5 Invocations
 + Level 0.3 Evocations


You had 6 spell levels left.
You didn't know any spells.
Your spell library contained the following spells:

 Spells                   Type           Power      Damage    Failure   Level
 Animate Skeleton         Necr           22%        N/A       5%          1
 Freeze                   Ice            44%        1d6       5%          1
 Pain                     Necr           44%        1d6       5%          1
 Sublimation of Blood     Necr           11%        N/A       8%          2
 Frozen Ramparts          Ice            22%        1d4       16%         3


Dungeon Overview and Level Annotations

Branches:
Dungeon (2/15)

Altars:

Shops:
D:1 [

Annotations:
D:2 Natasha


Innate Abilities, Weirdness & Mutations

You have very sharp teeth.
Your uncanny sense of smell can sniff out nearby items.
Your experience applies equally to all skills.


Message History

You closely miss Natasha. You bite Natasha, but do no damage.
Natasha mumbles some strange words.
Natasha completely misses you.
You closely miss Natasha.
Natasha stares at you and mumbles some strange words.
The magic dart hits you!
You closely miss Natasha. Natasha barely misses you.
Natasha howls an incantation.
You feel disoriented. Natasha misses you.
The crimson imp blinks!
You closely miss Natasha. Natasha barely misses you.
Natasha casts a spell at you.
You feel yourself slow down.
You slash Natasha! You bite Natasha, but do no damage.
Natasha is severely wounded.
Natasha barely misses you. The crimson imp barely misses you.
Natasha barely misses you.
You closely miss Natasha.
Natasha is severely wounded.
You hit the crimson imp.
The crimson imp summons a swarm of flies.
The crimson imp hits you. Natasha casts a spell at you.
The magic dart hits you.
The crimson imp grinds its teeth.
The crimson imp hits you. Natasha misses you.
The crimson imp barely misses you. Natasha completely misses you.
You barely miss Natasha. You bite Natasha, but do no damage.
Natasha is severely wounded.
You closely miss the crimson imp. The crimson imp barely misses you.
Natasha claws you!
* * * LOW HITPOINT WARNING * * *
The crimson imp hits you but does no damage.
Natasha closely misses you.
You miss Natasha.
Natasha is severely wounded.
You barely miss the crimson imp.
The crimson imp hits you but does no damage.
Natasha barely misses you. The crimson imp hits you.
You die...

.................
..#.#.$.......... .∆
...............# .#
....#..........##.#
..............#.... .
...............# ..
#.#..h5......###...
#....@.............
......♣..............
#....♣.♣.....<.##...
.... ♣.♣...<.........
### ..♣..♣...##.>...
♣.♣♣.♣♣..... ##..
♣.♣..♣^♣..### .
♣.♣♣♣♣.♣### ..


You could see Natasha and a crimson imp (summoned).

Vanquished Creatures
  A ball python (D:1)
  3 bats (D:1)
  A hobgoblin (D:1)
  2 goblins (D:1)
  2 kobolds (D:1)
  2 rats (D:1)
11 creatures vanquished.

Notes
Turn   | Place    | Note
-------+----------+-------------------------------------------
     0 | D:1      | Cak3Hol3 the Gnoll Wanderer began the quest for the Orb.
     0 | D:1      | Cak3Hol3 set off with the following items: a +0 dagger, a
                  | +0 robe, a +0 cloak; and the following spells available to
                  | memorise: Animate Skeleton, Freeze, Pain, Sublimation of
                  | Blood, Frozen Ramparts
     0 | D:1      | Reached XP level 1. HP: 17/17 MP: 4/4
   453 | D:1      | Reached XP level 2. HP: 23/23 MP: 5/5
   479 | D:1      | Found Yzaedawk's Antique Armour Shop.
   898 | D:2      | Noticed Natasha
   905 | D:2      | Noticed a crimson imp
   910 | D:2      | HP: 1/23 [Natasha (7)]
   911 | D:2      | Slain by a crimson imp

Illustrated notes

Levels and vault maps discovered:
D:1:      lemuel_arrival_cross, layout_rooms, serial_shops,
          nicolae_shop_statue_plus
D:2:      layout_rooms, shapermc_ecumenical_altar_totnotflames, minmay_unequal,
          uniq_natasha

Action                   || total
-------------------------++-------
Melee: Dagger            ||    18
       Battleaxe         ||    37
       Bite              ||     8
Armor: Robe              ||    16
Dodge: Dodged            ||    49
